 Dungeon Crawl Stone Soup version 0.25-a0-426-g7d9e569eea (webtiles) character file.

Game seed: 10020279820265765617, levelgen mode: deterministic

1504866 bmfx the Ogreish Ballista (level 27, 274/317 HPs)
             Began as an Ogre Skald on Jan 19, 2020.
             Was a High Priest of Nemelex Xobeh.
             Escaped with the Orb
             ... and 3 runes on Jan 24, 2020!
             The game lasted 04:07:48 (100482 turns).

bmfx the Ogreish Ballista (Ogre Skald)            Turns: 100482, Time: 04:07:48

Health: 274/317    AC: 45    Str: 22    XL:     27
Magic:  5/10       EV: 11    Int: 14    God:    Nemelex Xobeh [*****.]
Gold:   3575       SH: 31    Dex: 20    Spells: 25/36 levels left

rFire    + + .     SeeInvis .   b - +9 broad axe (antimagic)
rCold    + + .     Gourm    .   C - +7 large shield {AC+3}
rNeg     + . .     Faith    .   v - +12 gold dragon scales
rPois    +         Spirit   .   w - +2 hat
rElec    .         Reflect  +   F - scarf {rC+ rF+}
rCorr    .         Harm     .   (gloves unavailable)
MR       ++...                  (boots unavailable)
Stlth    ..........             A - +3 amulet of reflection
HPRegen  0.62/turn              e - +6 ring of protection
MPRegen  0.12/turn              R - ring "Deimip" {+Fly rN+ Dex+4 Slay+3}

@: very slightly contaminated
A: large, unfitting armour, tough skin 1, weak 1
0: Orb of Zot
}: 3/15 runes: serpentine, barnacled, silver
a: Draw Escape, Draw Destruction, Draw Summoning, Draw Stack, Triple Draw, Deal
Four, Stack Five, Renounce Religion, Evoke Flight


You escaped.
You worshipped Nemelex Xobeh.
Nemelex Xobeh was extremely pleased with you.
You were very full.

You visited 10 branches of the dungeon, and saw 52 of its levels.
You visited 1 bazaar.
You also visited: Trove.

You collected 9315 gold pieces.
You spent 5740 gold pieces at shops.


Innate Abilities, Weirdness & Mutations

You are too large for most types of armour.
You have tough skin. (AC +1)
You are weak. (Str -2)

Dungeon Overview and Level Annotations

Branches:
Dungeon (15/15)            Temple (0/1) D:6            Lair (6/6) D:11
 Shoals (4/4) Lair:4        Snake (4/4) Lair:4        Slime (0/5) Lair:6
    Orc (2/2) D:10            Elf (3/3) Orc:2        Vaults (5/5) D:14
  Crypt (3/3) Vaults:2       Tomb (0/3) Crypt:3      Depths (5/5) D:15
    Zot (5/5) Depths:5

Altars:
Ashenzari
Cheibriados
Gozag
Kikubaaqudgha
Makhleb
Nemelex Xobeh
Qazlal
Ru
Sif Muna
Trog
Vehumet
Wu Jian
Beogh

Shops:
D:4 [   D:10 %   D:11 %(*   D:12 *   Orc:1 *   Orc:2 [*:**   Elf:2 }
Shoals:4 }   Snake:1 ?*   Snake:3 }==   Vaults:2 (   Vaults:3 [   Depths:2 ((

Portals:
Hell: Depths:1 Depths:2 Depths:3 Depths:4 Depths:5
Abyss: Depths:1 Depths:2 Depths:4
Pandemonium: Depths:3
Ziggurat: Depths:4

Annotations:
Elf:1 3 runed translucent doors, Tiewk's ghost, adept SpEn
Depths:1 1 runed translucent door, Fiahyu Evua's ghost, veteran MiBe
Depths:5 3 runed translucent doors, Quigu Zupne's ghost, journeyman SpBe
Zot:2 2 transporters


   Skills:
 + Level 25.7 Fighting
 - Level 18.0 Axes
 O Level 27 Throwing
 - Level 18.0 Armour
 - Level 15.0 Dodging
 - Level 15.0 Shields
 - Level 5.3 Spellcasting
 - Level 2.7 Charms
 - Level 12.0 Invocations
 - Level 8.0 Evocations


You had 25 spell levels left.
You knew the following spells:

 Your Spells              Type           Power        Failure   Level  Hunger
A - Infusion              Chrm           ##..         83%         1    None
B - Song of Slaying       Chrm           ##......     92%         2    ##.....
C - Shroud of Golubria    Chrm/Tloc      #.....       98%         2    ##.....
D - Spectral Weapon       Hex/Chrm       #.......     100%        3    ###....
E - Ozocubu's Armour      Chrm/Ice       #.......     100%        3    ###....

Your spell library contained the following spells:

 Spells                   Type           Power        Failure   Level  Hunger
 Swiftness                Chrm/Air       #.......     98%         2    ##.....
 Animate Skeleton         Necr           N/A          99%         1    None
 Beastly Appendage        Tmut           #.....       99%         1    None
 Corona                   Hex            #......      99%         1    None
 Freeze                   Ice            #...         99%         1    None
 Magic Dart               Conj           #...         99%         1    None
 Pain                     Necr           #...         99%         1    None
 Summon Small Mammal      Summ           #...         99%         1    None
 Call Imp                 Summ           #.......     100%        2    ##.....
 Corpse Rot               Necr/Air       N/A          100%        2    ##.....
 Ensorcelled Hibernation  Hex/Ice        #.....       100%        2    ##.....
 Passwall                 Tmut/Erth      #.......     100%        2    ##.....
 Poisonous Vapours        Pois/Air       #.....       100%        2    ##.....
 Searing Ray              Conj           #.....       100%        2    ##.....
 Slow                     Hex            #.......     100%        2    ##.....
 Sticks to Snakes         Tmut           #.......     100%        2    ##.....
 Call Canine Familiar     Summ           #.......     100%        3    ###....
 Confusing Touch          Hex            #.......     100%        3    ###....
 Conjure Flame            Conj/Fire      #.......     100%        3    ###....
 Dazzling Flash           Conj/Hex       #.....       100%        3    ###....
 Inner Flame              Hex/Fire       #.......     100%        3    ###....
 Mephitic Cloud           Conj/Pois/Air  #.......     100%        3    ###....
 Portal Projectile        Hex/Tloc       #.....       100%        3    ###....
 Recall                   Summ/Tloc      N/A          100%        3    ###....
 Spider Form              Tmut/Pois      #.........   100%        3    ###....
 Summon Guardian Golem    Hex/Summ       #.......     100%        3    ###....
 Tukima's Dance           Hex            #.......     100%        3    ###....
 Vampiric Draining        Necr           #.........   100%        3    ###....
 Animate Dead             Necr           N/A          100%        4    ####...
 Cause Fear               Hex            #.........   100%        4    ####...
 Fulminant Prism          Conj/Hex       #.........   100%        4    ####...
 Hailstorm                Conj/Ice       #.......     100%        4    ####...
 Ice Form                 Ice/Tmut       #.......     100%        4    ####...
 Iskenderun's Mystic Bla  Conj/Tloc      #.......     100%        4    ####...
 Leda's Liquefaction      Hex/Erth       #.........   100%        4    ####...
 Summon Ice Beast         Ice/Summ       #.......     100%        4    ####...
 Summon Lightning Spire   Summ/Air       #.......     100%        4    ####...
 Agony                    Necr           #.......     100%        5    ######.
 Aura of Abjuration       Summ           #.........   100%        5    ######.
 Blade Hands              Tmut           #.........   100%        5    ######.
 Borgnjor's Vile Clutch   Necr/Erth      #.........   100%        5    ######.
 Lee's Rapid Deconstruct  Erth           #.........   100%        5    ######.
 Silence                  Hex/Air        #.........   100%        5    ######.
 Summon Demon             Summ           #.........   100%        5    ######.
 Summon Forest            Summ/Tloc      #.........   100%        5    ######.
 Summon Mana Viper        Hex/Summ       #.......     100%        5    ######.
 Yara's Violent Unravell  Hex/Tmut       #.........   100%        5    ######.
 Darkness                 Hex            #.........   100%        6    #######
 Death Channel            Necr           #.........   100%        6    #######
 Deflect Missiles         Chrm/Air       #.........   100%        6    #######
 Freezing Cloud           Conj/Ice/Air   #.........   100%        6    #######
 Invisibility             Hex            #.......     100%        6    #######
 Shadow Creatures         Summ           N/A          100%        6    #######
 Simulacrum               Ice/Necr       #.........   100%        6    #######
 Starburst                Conj/Fire      #.........   100%        6    #######
 Statue Form              Tmut/Erth      #........    100%        6    #######
 Haunt                    Necr/Summ      #.........   100%        7    #######
 Malign Gateway           Summ/Tloc      #.........   100%        7    #######
 Monstrous Menagerie      Summ           #.........   100%        7    #######
 Ring of Flames           Chrm/Fire      #.........   100%        7    #######
 Summon Greater Demon     Summ           #.........   100%        7    #######
 Borgnjor's Revivificati  Necr           #.........   100%        8    #######
 Death's Door             Chrm/Necr      #.........   100%        8    #######
 Discord                  Hex            #.........   100%        8    #######
 Infestation              Necr           #.........   100%        8    #######
 Necromutation            Tmut/Necr      #.........   100%        8    #######
 Summon Horrible Things   Summ           #.........   100%        8    #######
 Passage of Golubria      Tloc           Unusable     N/A         4    N/A

Action                   |  1- 3 |  4- 6 |  7- 9 | 10-12 | 13-15 | 16-18 | 19-21 | 22-24 | 25-27 || total
-------------------------+-------+-------+-------+-------+-------+-------+-------+-------+-------++-------
Melee: Hand axe          |    68 |   171 |   241 |       |       |       |       |       |       ||   480
       Whip              |       |       |    93 |   321 |       |       |       |       |       ||   414
       War axe           |       |       |    18 |       |       |       |       |       |       ||    18
       Battleaxe         |       |       |       |   371 |   946 |    87 |       |       |       ||  1404
       Broad axe         |       |       |       |       |       |  1155 |   870 |  1068 |  1314 ||  4407
Throw: Dart              |       |       |    17 |    11 |       |       |       |       |       ||    28
       Large rock        |       |       |       |    40 |    33 |   104 |   233 |   336 |   589 ||  1335
       Boomerang         |       |       |       |    14 |   407 |    29 |   225 |    20 |     3 ||   698
       Javelin           |       |       |       |       |       |    93 |   210 |   196 |   286 ||   785
 Cast: Infusion          |    18 |    36 |    46 |    27 |     1 |       |       |       |       ||   128
       Shroud of Golubri |     4 |    18 |    30 |    36 |     2 |       |       |       |       ||    90
       Song of Slaying   |     1 |       |     4 |    12 |     6 |       |       |       |       ||    23
       Spectral Weapon   |       |       |    17 |     8 |       |       |       |       |       ||    25
Invok: Deal Four         |       |       |       |     1 |       |       |     4 |       |     3 ||     8
       Triple Draw       |       |       |       |     1 |       |       |     1 |     1 |       ||     3
       Stack Five        |       |       |       |       |       |     1 |       |     1 |       ||     2
 Abil: Draw Destruction  |       |       |     4 |    25 |    50 |    34 |    11 |     3 |     1 ||   128
       Draw Summoning    |       |       |     1 |    11 |     7 |    16 |     4 |       |     4 ||    43
       Draw Escape       |       |       |       |       |     4 |     8 |     5 |       |       ||    17
       Draw Stack        |       |       |       |       |       |     1 |       |       |       ||     1
Evoke: Wand              |       |       |     5 |    12 |    33 |    26 |    10 |    15 |    27 ||   128
       Lightning rod     |       |       |       |       |     4 |    10 |     8 |     4 |     9 ||    35
       Lamp of fire      |       |       |       |       |     1 |     2 |     3 |     1 |     5 ||    12
       Phial of floods   |       |       |       |       |       |     1 |       |       |       ||     1
       Fan of gales      |       |       |       |       |       |       |       |       |     1 ||     1
  Use: Scroll            |     2 |     1 |     8 |    18 |     7 |    17 |     5 |    14 |    43 ||   115
       Potion            |     1 |       |       |     4 |     2 |     7 |     5 |       |    12 ||    31
 Stab: Distracted        |       |       |     2 |     1 |       |     2 |       |       |     2 ||     7
       Sleeping          |       |       |     1 |       |       |     1 |       |     2 |     1 ||     5
       Paralysed         |       |       |       |       |     3 |     7 |     5 |       |       ||    15
       Petrified         |       |       |       |       |       |     5 |       |       |     2 ||     7
  Eat: Chunk             |     2 |    11 |    17 |    25 |    34 |    35 |    20 |    21 |    32 ||   197
       Ration            |       |       |     1 |     3 |     8 |     6 |     6 |     6 |     9 ||    39
Armor: Robe              |    26 |    57 |   138 |   164 |       |   126 |   143 |   112 |    37 ||   803
       Acid dragon scale |       |       |       |   183 |   650 |   200 |       |       |       ||  1033
       Gold dragon scale |       |       |       |       |       |       |       |       |   301 ||   301
Dodge: Dodged            |    39 |    75 |   213 |   485 |   857 |   427 |   247 |   215 |   236 ||  2794
Block: Large shield      |       |       |       |       |       |   945 |   888 |   776 |  1185 ||  3794
       Reflection        |       |       |       |       |       |       |       |       |    24 ||    24

Skill      XL: |  1  2  3  4  5  6  7  8  9 10 11 12 13 14 15 16 17 18 19 20 21 22 23 24 25 26 27 |
---------------+----------------------------------------------------------------------------------+-----
Fighting       | 3 4 5 6 9 12 15 20 25 | 25.7
Spellcasting   | 3 4 5 |  5.3
Axes           | 3 4 7 10 12 14 15 18 | 18.0
Evocations     | 2 4 7 8 |  8.0
Invocations    | 2 5 8 12 | 12.0
Armour         | 5 7 8 11 12 15 18 | 18.0
Throwing       | 5 10 12 13 17 19 20 22 23 27 | 27.0
Dodging        | 7 10 15 | 15.0
Shields        | 7 9 12 15 | 15.0
Charms         | |  2.7

Inventory:

Hand Weapons
 a - a +9 broad axe of flaming
 b - a +9 antimagic broad axe (weapon)
Missiles
 f - 9 throwing nets {!f}
 x - 18 javelins
 J - 61 large rocks (quivered)
 L - 15 boomerangs
 Q - 88 silver javelins
Armour
 v - +12 gold dragon scales (worn)
 w - a +2 hat (worn)
 C - a +7 large shield of protection (worn)
 F - a scarf of resistance (worn)
Jewellery
 e - a +6 ring of protection (left hand)
 l - the ring of Fogit {rPois MR+ EV+2}
   (You found it in a treasure trove)

   [ring of evasion]

   It affects your evasion (+2).
   It protects you from poison.
   It affects your resistance to hostile enchantments.
 p - the ring "Haidgh" {rC++ Str+3 Int+3}
   (You found it in a treasure trove)

   [ring of intelligence]

   It affects your strength (+3).
   It affects your intelligence (+3).
   It greatly protects you from cold.
 A - a +3 amulet of reflection (around neck)
 R - the ring "Deimip" (right hand) {+Fly rN+ Dex+4 Slay+3}
   (You took it off an ancient champion on level 3 of the Crypt)

   [ring of positive energy]

   It affects your dexterity (+4).
   It affects your accuracy and damage with ranged weapons and melee attacks
   (+3).
   It protects you from negative energy.
   It lets you fly.
 W - an uncursed ring of protection from fire
 Z - an uncursed ring of resist corrosion
Wands
 o - a wand of polymorph (5)
 D - a wand of enslavement (8)
 I - a wand of acid (20)
 O - a wand of scattershot (7)
 T - a wand of digging (26)
 U - a wand of paralysis (29)
 X - a wand of iceblast (4)
Scrolls
 c - 21 scrolls of remove curse {@r4}
 i - 24 scrolls of teleportation {@r1}
 j - 4 scrolls of fog
 r - 2 scrolls of blinking {@r2}
 s - 2 scrolls of silence
 t - 8 scrolls of magic mapping
 y - 3 scrolls of summoning
 H - 3 scrolls of holy word
 V - 5 scrolls of fear
 Y - 16 scrolls of identify {@r3}
Potions
 g - 19 potions of curing {@q2}
 k - 10 potions of flight
 m - 18 potions of heal wounds {@q1}
 n - 4 potions of might
 q - a potion of magic
 z - 2 potions of invisibility
 B - 5 potions of cancellation
 E - 2 potions of haste {@q4}
 K - 4 potions of agility
 M - 4 potions of berserk rage
 S - 3 potions of resistance
Miscellaneous
 h - a lamp of fire
 u - a fan of gales (inert)
 G - a lightning rod (4/4)
 N - 3 boxes of beasts
 P - a phial of floods
Comestibles
 d - 78 rations

###.###.#.##...#.#.###.##.#..#..#
.....................#.##.#..#...
##..##..#.##..##'#.###.##.#..#...
##.###....##..##.#.# #.##........
##.# #..####..##.#.###.##.#......
##.# #[.# #..##.#...............
##.###..####..##.##..............
##........#####...#####..........
##.####.#.+.....@.....+..........
##.####.####.........##.....##...
........# ##.......###..........
##.###..### ##.....## #...##.....
..........# ##...## #..........
##........# ##.## #...#......
#.###.##.# ##########...#..#.##
#.# #.##.# #...................
#.# #....####...............#..#


There were no monsters in sight!

Vanquished Creatures
  5 ancient liches
  Mennas (Depths:4)
  4 orbs of fire
  Sojobo (Depths:4)
  10 Killer Klowns (Zot:5)
  8 golden dragons
  3 curse toes
  3 caustic shrikes (Depths:5)
  Nikola (Snake:4)
  Jory (Vaults:5)
  3 bone dragons
  A Tzitzimitl (D:1)
  3 electric golems
  A shard shrike zombie (Crypt:3)
  9 tentacled monstrosities
  An Ice Fiend (Zot:3)
  A Hell Sentinel (Zot:1)
  4 deep elf blademasters (Elf:3)
  2 deep elf master archers (Elf:3)
  30 Orb Guardians
  Asterion (Snake:4)
  10 titans
  4 liches
  4 quicksilver dragons
  8 death cobs
  2 Executioners
  A pandemonium lord (Depths:4)
  17 storm dragons
  13 tengu reavers
  3 sphinxes
  5 ancient champions (Crypt:3)
  7 nagarajas
  11 shadow dragons
  3 revenants
  Ilsuiw (Shoals:2)
  5 frost giants
  A ghost moth (Zot:5)
  13 draconian monks
  An emperor scorpion (Zot:1)
  14 vault wardens
  Aizul (Snake:4)
  10 deep elf sorcerers
  12 fire giants
  4 draconian knights
  2 balrugs
  An iron dragon (Depths:1)
  An orc warlord (Depths:4)
  Louise (Shoals:1)
  3 draconian scorchers
  3 curse skulls
  2 spriggan defenders (Depths:4)
  8 draconian shifters
  21 very ugly things
  21 ironheart preservers
  5 ghouls
  5 draconian annihilators
  10 deep elf elementalists
  2 war gargoyles
  5 entropy weavers
  19 stone giants
  12 vampire knights
  A corrupter (Zot:3)
  9 deep elf demonologists
  A dire elephant (Zot:1)
  A lorocyproca (D:1)
  12 black draconians
  4 purple draconians
  18 red draconians
  12 yellow draconians
  8 white draconians
  9 green draconians
  A spark wasp (Depths:3)
  3 deep elf annihilators (Elf:3)
  2 eidola
  2 crystal guardians (Vaults:5)
  7 merfolk javelineers
  10 deep elf death magi
  9 ettins
  2 blizzard demons
  5 merfolk impalers
  20 fire dragons
  5 jiangshi
  11 great orbs of eyes
  7 deep elf high priests
  16 ice dragons
  Harold (D:7)
  14 ogre magi
  34 vault guards
  5 rakshasas
  21 yaktaur captains
  6 hydras
  16 naga warriors
  An alligator snapping turtle (Shoals:3)
  7 spriggan air magi
  4 merfolk aquamancers
  12 anacondas
  A two-headed ogre (shapeshifter) (Depths:4)
  2 catoblepae
  3 death knights
  8 centaur warriors
  A merfolk avatar (Shoals:4)
  5 tengu warriors
  26 two-headed ogres
  31 dancing weapons
  8 deep troll shamans
  14 spriggan berserkers
  A satyr (Shoals:2)
  4 death yaks (Lair:6)
  2 vampire magi
  8 shock serpents
  5 deep troll earth magi
  22 naga sharpshooters
  A soul eater (Crypt:3)
  21 deep elf knights
  An orc high priest (Orc:1)
  9 hell knights
  A fire crab (shapeshifter) (Vaults:4)
  4 sun demons
  2 titan skeletons (Crypt:3)
  5 salamander mystics
  21 deep trolls
  2 fire crabs
  2 deep trolls (shapeshifter)
  42 skeletal warriors
  A shadow wraith (Crypt:3)
  3 iron trolls
  12 sea snakes
  3 unseen horrors
  A torturous demonspawn (Zot:3)
  5 flayed ghosts
  9 naga ritualists
  5 wizards
  21 deep elf archers
  A sea snake (shapeshifter) (Vaults:4)
  A swamp dragon (Shoals:3)
  6 glowing orange brains
  12 ironbrand convokers
  2 shadow demons (Zot:3)
  19 phantasmal warriors
  2 lindwurms (Lair:6)
  2 harpies (shapeshifter)
  24 harpies
  5 wolf spiders
  3 anaconda skeletons (Crypt:3)
  3 necromancers
  A mana viper (shapeshifter) (Depths:3)
  10 mana vipers
  An iron dragon zombie (Crypt:3)
  5 orc sorcerers
  7 fauns
  13 orc knights
  70 deep elf magi
  10 cyclopes
  21 ugly things
  A cyclops (shapeshifter) (Vaults:1)
  A faun (shapeshifter) (Vaults:5)
  15 manticores
  5 elephants (Lair:2)
  16 salamanders
  9 merfolk sirens
  3 fire giant skeletons (Crypt:3)
  An iron dragon skeleton (Crypt:3)
  26 naga magi
  A stone giant skeleton (Crypt:3)
  Maurice (D:9)
  26 moths of wrath
  A water nymph (shapeshifter) (Depths:1)
  A frost giant skeleton (Crypt:3)
  A torpor snail (Lair:6)
  5 water nymphs
  14 vault sentinels
  3 guardian serpents
  33 black mambas
  A dire elephant skeleton (Crypt:1)
  2 gargoyles (Depths:2)
  A smoke demon (Zot:3)
  8 spiny frogs
  2 red draconian zombies
  A dire elephant zombie (Crypt:1)
  A komodo dragon (shapeshifter) (Vaults:2)
  4 komodo dragons
  38 yaktaurs
  4 rime drakes
  A yaktaur skeleton (Depths:1)
  A minotaur skeleton (Crypt:3)
  13 freezing wraiths
  A small abomination (Elf:3)
  A catoblepas skeleton (Crypt:3)
  A hydra zombie (Crypt:3)
  A red draconian skeleton (Crypt:1)
  A jumping spider (Vaults:4)
  2 tengu conjurers
  6 trolls
  8 wind drakes
  A red devil (Depths:2)
  10 blink frogs
  A jumping spider (shapeshifter) (Depths:3)
  3 meliai (D:15)
  6 hornets
  18 merfolk
  10 polar bears
  A harpy skeleton (Crypt:3)
  Grinder (D:5)
  Prince Ribbit (D:5)
  A raiju (shapeshifter) (Vaults:4)
  28 slime creatures
  15 hippogriffs
  10 dream sheep
  A blink frog (shapeshifter) (Vaults:2)
  7 snapping turtles
  3 raiju (Lair:6)
  A spriggan zombie (Depths:1)
  4 bog bodies
  A fire giant simulacrum (Depths:1)
  14 flying skulls
  A guardian serpent skeleton (Crypt:3)
  6 spriggans
  Sigmund (D:2)
  2 ice dragon skeletons (Crypt:3)
  10 redbacks
  2 tarantellas
  4 air elementals
  A tyrant leech zombie (Crypt:2)
  5 wraiths
  2 hogs (shapeshifter)
  5 vampires
  An ettin skeleton (Crypt:3)
  2 redbacks (shapeshifter)
  11 water elementals
  41 yaks
  A fire bat (Lair:2)
  3 shadows
  A wyvern (Lair:4)
  5 fire elementals
  A yak (shapeshifter) (Vaults:2)
  A basilisk (shapeshifter) (Vaults:1)
  A golden eye (D:9)
  A steam dragon (shapeshifter) (Vaults:5)
  5 basilisks
  A hungry ghost (D:15)
  A neqoxec (D:15)
  2 black mamba skeletons (Crypt:3)
  12 vampire mosquitoes
  A monstrous demonspawn zombie (Crypt:3)
  59 nagas
  An acid dragon (D:11)
  13 wargs
  20 hell hounds
  A swamp worm (shapeshifter) (Depths:4)
  Duvessa (D:4)
  6 porcupines
  18 water moccasins
  3 floating eyes (Depths:4)
  4 sky beasts
  A spiny frog skeleton (Crypt:3)
  A black bear (shapeshifter) (Depths:2)
  A merfolk skeleton (Crypt:3)
  43 orc warriors
  A lindwurm zombie (Crypt:2)
  A swamp drake (Lair:4)
  12 black bears
  An ice beast (shapeshifter) (D:15)
  6 ice beasts
  55 wolves
  An ettin simulacrum (Vaults:4)
  5 phantoms
  2 manticore skeletons
  42 ogres
  19 centaurs
  6 necrophages
  11 boggarts
  A snapping turtle skeleton (Crypt:2)
  A rime drake zombie (Crypt:3)
  10 crocodiles
  7 big kobolds
  18 bullfrogs
  A glowing shapeshifter simulacrum (Vaults:1)
  A salamander skeleton (Crypt:3)
  6 earth elementals
  A wyvern skeleton (D:5)
  Dowan (D:4)
  A cyclops skeleton (Crypt:2)
  4 scorpions
  34 killer bees
  A human simulacrum (Vaults:3)
  An electric eel (Snake:1)
  A raiju skeleton (Crypt:2)
  7 wights
  2 howler monkeys
  5 crimson imps
  A quasit (D:10)
  5 hounds
  6 jellies
  19 orc priests
  Crazy Yiuf (D:4)
  29 orc wizards
  6 bullfrog skeletons
  5 centaur skeletons
  6 iguanas
  11 worker ants
  A demigod skeleton (Crypt:3)
  An acid dragon skeleton (Crypt:1)
  A hound zombie (D:10)
  A hound skeleton (D:4)
  2 ogre skeletons (Crypt:3)
  Robin (D:4)
  2 worker ant zombies
  13 adders
  17 gnolls
  5 shadow imps
  An ufetubus (D:5)
  4 oozes
  A lava snake zombie (Crypt:2)
  A ball lightning (Shoals:2)
  3 dart slugs
  3 worms
  7 leopard geckos
  94 orcs
  A bat (shapeshifter) (Vaults:5)
  A bat skeleton (Crypt:1)
  4 giant cockroaches
  15 goblins
  10 hobgoblins
  7 jackals
  28 kobolds
  2 quokkas (D:7)
  3 ball pythons
  4 bats
  7 frilled lizards
  A kobold skeleton (Crypt:1)
  2 quokka skeletons
  4 rats
  A crawling corpse (Elf:3)
  4 fungi
  4 plants
2500 creatures vanquished.

Vanquished Creatures (collateral kills)
  2 ancient liches (Zot:5)
  Boris (Vaults:2)
  Bai Suzhen (Vaults:2)
  Vashnia (Snake:2)
  2 Orb Guardians (Zot:5)
  A nagaraja (Snake:2)
  A draconian annihilator (Zot:5)
  A white draconian (Zot:5)
  A yellow draconian (Zot:2)
  A vault guard (Depths:4)
  A naga warrior (Snake:1)
  An alligator snapping turtle (Shoals:3)
  5 death yaks (D:11)
  2 orc high priests (Orc:2)
  3 naga sharpshooters
  An orc knight (Orc:2)
  2 naga ritualists
  4 mana vipers
  An orc sorcerer (Orc:2)
  An ugly thing (D:13)
  A manticore (Shoals:2)
  A moth of wrath (Zot:5)
  A salamander (Snake:4)
  A cyclops (D:13)
  A black mamba (Snake:4)
  3 naga magi
  A hornet (D:11)
  A redback (Vaults:5)
  A water elemental (Shoals:3)
  A yak (Lair:2)
  4 nagas
  An orc warrior (Orc:2)
  An ogre (D:11)
  A centaur (D:11)
  5 killer bees (D:9)
  An orc priest (Orc:2)
  A bullfrog skeleton (D:11)
  An iguana (D:11)
  3 orc wizards (Orc:2)
  2 orcs (D:11)
  4 kobolds (D:11)
69 creatures vanquished.

Vanquished Creatures (others)
  A death cob (Zot:5)
  A draconian monk (Zot:5)
  A fire giant (Depths:4)
  A stone giant (Vaults:5)
  An entropy weaver (Vaults:5)
  An anaconda (Snake:2)
  A dancing weapon (Elf:1)
  A naga sharpshooter (Snake:2)
  A deep elf knight (Elf:1)
  A glowing orange brain (Orc:2)
  A deep elf mage (Elf:3)
  A gargoyle (Depths:2)
  An orc warrior (Orc:2)
  A killer bee (D:9)
  An orc priest (Orc:1)
  An orc wizard (Orc:1)
  6 ball lightnings
  10 fungi
  19 plants
51 creatures vanquished.

Grand Total: 2620 creatures vanquished

Levels and vault maps discovered:
D:1:      mrwooster_arrival_arrow, layout_basic
D:2:      layout_loops_ring, uniq_sigmund
D:3:      layout_basic
D:4:      layout_basic, kennysheep_mini_moat, gammafunk_temple_overflow_claw,
          serial_shops, nicolae_shop_crystal, hangedman_glass_teeth, uniq_robin,
          uniq_crazy_yiuf_cottage, uniq_duvessa
D:5:      layout_basic, amethyst_overflow_temple_binary, marbit_many_paths,
          first_ration, chequers_serial_rivers_micro_a, minmay_misc_feat_iff,
          uniq_grinder, uniq_prince_ribbit1
D:6:      layout_loops_ring, minmay_temple_entry_fiery
D:7:      layout_rooms, the_bakery, uniq_harold
D:8:      layout_basic, kennysheep_mini, grunt_ministairs_5
D:9:      layout_roguey [special_room_bee], uniq_maurice
D:10:     layout_irregular_city, orc_0_dummy, serial_shops, nicolae_shop_trees,
          grunt_ministairs_6
D:11:     layout_long_grid, dpeg_lair_monsters, serial_shops, shop,
          nicolae_shop_statue_plus, shop_fountains, hangedman_ru_absence,
          uniq_erolcha
D:12:     layout_loops_corners, nicolae_blasting_shop, glass_columns_c
D:13:     layout_loops_ring, basic_altar, hangedman_abyss_or_decor_stagger,
          serial_park_tiny_1
D:14:     layout_layer_cave, david_vaults_1, basic_altar,
          kennysheep_generic_room_9
D:15:     grunt_enter_depths_giant_problem, layout_basic, minivault_14
Lair:1:   layout_hall_layers, basic_altar
Lair:2:   gammafunk_cloud_chamber, layout_cave_pods, lemuel_fruit_tree,
          infiniplex_staircase_pool
Lair:3:   layout_roguey, grunt_megastairs_2
Lair:4:   layout_cave_pods, elwin_shoals_entry_rooms,
          minmay_snake_entry_six_corridors, minivault_11,
          grunt_forest_large_clearings, uniq_maggie
Lair:5:   layout_regular_city, hibernation_bobbens
Lair:6:   hangedman_lair_in_review, layout_gridlike,
          hangedman_lair_caniforms_friends, nicolae_slime_entry_slimehenge,
          minmay_lair_oklob_items
Shoals:1: layout_shoals, uniq_louise
Shoals:2: layout_shoals, uniq_ilsuiw
Shoals:3: layout_shoals
Shoals:4: shoals_end_hangedman, layout_shoals, serial_shops, shop,
          nicolae_shoals_arrival_archipelago
Snake:1:  layout_layer_cave, st_stairs_12, serial_bayou_pond_b,
          grunt_ministairs_9, minmay_shoptagon, grunt_megastairs_3
Snake:2:  layout_grid_shapes, guppyfry_library_mini, uniq_vashnia
Snake:3:  layout_rooms, evilmike_ambush [evilmike_ambush_outer_pillars,
          evilmike_ambush_inner_basic], serial_bayou_shore_b, minmay_shop_grove
Snake:4:  snake_pit, layout_misc_corridors, serial_shops, bzr_entry_safe,
          uniq_aizul, uniq_nikola, uniq_asterion
Orc:1:    nicolae_orc_accident_3, layout_diamond_mine, serial_shops,
          nicolae_shop_waterfront
Orc:2:    st_orc_elflike, layout_caves, serial_shops, shop_fountains,
          basic_altar
Elf:1:    elf_arrival_001, layout_gridlike, ebering_ghost_rock_garden,
          basic_altar, minivault_28, grunt_megastairs_4
Elf:2:    layout_loops_cross, serial_shops, nicolae_shop_stone
Elf:3:    minmay_elf_hall_furrowed, layout_onion_city
Vaults:1: nicolae_vaults_network_quinsquares
          [nicolae_vaults_network_quincunx_subvault,
          nicolae_vaults_network_quincunx_subvault,
          nicolae_vaults_network_quincunx_subvault,
          nicolae_vaults_network_quincunx_subvault], ontoclasm_vaults_idyll,
          hangedman_vaults_river_flow, ontoclasm_vaults_gateway,
          ontoclasm_vaults_ring_large, nicolae_vaults_theta,
          vaults_mumra_minichess_inversion, nicolae_vaults_little_ls,
          nicolae_vaults_little_squares_5, ontoclasm_vaults_loading_screen,
          nicolae_vaults_sealed_display, layout_vaults_omnibox
Vaults:2: grunt_vaults_funnel, minmay_crypt_entry_simple_box,
          nicolae_vaults_little_squares_4, nicolae_vaults_specimen_jars,
          vaults_mumra_minichess, ontoclasm_vaults_decontamination,
          layout_vaults_omnigrid, serial_shops, nicolae_shop_overgrown_old_shop,
          uniq_bai_suzhen, uniq_boris
Vaults:3: ontoclasm_vaults_idyll, v_alt_pattern_1, vaults_room_hallway,
          vaults_room_corners, ontoclasm_vaults_claustrophobia, v_misc_2,
          hangedman_vaults_snaps, v_alt_pattern_5, vaults_mumra_chevron,
          nicolae_vaults_theta, ontoclasm_vaults_fault,
          nicolae_vaults_border_crossing, vaults_mumra_hex,
          nicolae_vaults_theta, layout_vaults_maze_snakey, serial_shops,
          nicolae_shop_waterfront
Vaults:4: ontoclasm_vaults_loading_screen, serial_ice_g, hangedman_vaults_nails,
          v_pattern_4, vaults_room_hangedman_quadrants, v_rooms_4,
          nicolae_vaults_ninety_degrees, nicolae_vaults_inception_scallops,
          nicolae_vaults_mini_display_case, v_rooms_2, vaults_room_semicircle,
          layout_vaults_big_cross
Vaults:5: serial_shops, uniq_jory
Crypt:1:  layout_misc_corridors, grunt_crypt_arrival_webbed
Crypt:2:  layout_basic
Crypt:3:  church_of_pain_bobbens, layout_chaotic_city,
          nicolae_tomb_entry_rubble_hallway
Depths:1: minmay_textured_paths, layout_gridlike, abyss_entry_small_statue_room,
          ebering_ghost_inner_flame, hex_tiny, hell_entry, nrook_mini_vaults,
          chequers_serial_rivers_room_b, minmay_misc_feat_pillars,
          serial_sigils_hangedman_leer, minmay_strange_pillars,
          grunt_decor_clamped, nrook_mini_backslash, hangedman_decor_lopped,
          kennysheep_generic_room_10
Depths:2: constructs_gauntlet_mu_hangedman, layout_basic, ashenzari_altar_1,
          serial_shops, shop, shop_coins, hangedman_abyss_entry_splay,
          grunt_metal_band, infiniplex_staircase_diamond, serial_bayou_shore_b
Depths:3: hangedman_arch_fort, layout_long_grid,
          hangedman_decor_clover_reticule, hell_entry, pan_entry,
          serial_bayou_ford_a, evilmike_butchery
Depths:4: hangedman_spin_cycle, abyss_entry, hell_entry, uniq_mennas,
          uniq_margery, uniq_sojobo
Depths:5: grunt_zot_entry_alcove, layout_small_grid,
          biasface_ghost_demon_polymorph, trove_entry_hex_spiral,
          nicolae_benzene_ring, hell_entry
Zot:1:    layout_basic
Zot:2:    gammafunk_its_a_trap, layout_onion, hangedman_elemental_corridor
Zot:3:    regret_index_qazlal_generations, layout_basic
Zot:4:    layout_misc_corridors
Zot:5:    layout_twisted_circle


Message History

You slice the Tzitzimitl!!
The Tzitzimitl's magic leaks into the air.
The Tzitzimitl is severely wounded.
The Tzitzimitl falters for a moment.
You slice the Tzitzimitl!!
The Tzitzimitl's magic leaks into the air.
The Tzitzimitl is almost dead.
You slash the Tzitzimitl!
You kill the Tzitzimitl!
(D) Dungeon (T) Temple (L) Lair (A) Shoals (P) Snake Pit (M) Slime Pits (O) Orcish Mines (E) Elven Halls (V) Vaults (C) Crypt (W) Tomb (U) Depths (H) Hell (Z) Zot
Where to? (Enter - D:1 @ (x,y), ? - help)
You flicker back into view.
Your extra speed is starting to run out.
You feel yourself slow down.
There is an open door here.
There is a staircase leading out of the dungeon here.
You have escaped!

Notes
Turn   | Place    | Note
-------+----------+-------------------------------------------
     0 | D:1      | bmfx the Ogre Skald began the quest for the Orb.
     0 | D:1      | Reached XP level 1. HP: 22/22 MP: 3/3
   201 | D:1      | Reached XP level 2. HP: 25/31 MP: 0/5
  1147 | D:1      | Learned a level 2 spell: Song of Slaying
  1150 | D:1      | Learned a level 2 spell: Shroud of Golubria
  1333 | D:2      | Reached XP level 3. HP: 31/37 MP: 7/7
  1764 | D:2      | Reached XP level 4. HP: 41/48 MP: 9/9
  2051 | D:2      | Noticed Sigmund
  2773 | D:3      | Reached XP level 5. HP: 55/55 MP: 10/10
  3607 | D:2      | Killed Sigmund
  3607 | D:2      | Reached skill level 5 in Fighting
  3607 | D:2      | Reached XP level 6. HP: 62/66 MP: 13/13
  4499 | D:4      | Reached skill level 5 in Spellcasting
  4501 | D:4      | Reached XP level 7. HP: 66/74 MP: 7/14
  4713 | D:3      | Learned a level 3 spell: Spectral Weapon
  4717 | D:3      | Learned a level 3 spell: Ozocubu's Armour
  4822 | D:4      | Found a radiant altar of Vehumet.
  4831 | D:4      | Found Kuganow's Armour Boutique.
  5134 | D:4      | Reached skill level 1 in Evocations
  5199 | D:4      | Found an opulent altar of Gozag.
  5199 | D:4      | Found a sacrificial altar of Ru.
  5200 | D:4      | Found a sparkling altar of Nemelex Xobeh.
  5206 | D:4      | Became a worshipper of Nemelex Xobeh the Trickster
  5287 | D:4      | Received a gift from Nemelex Xobeh
  5391 | D:4      | Noticed Duvessa
  5391 | D:4      | Noticed Robin
  5669 | D:4      | Killed Robin
  5669 | D:4      | Reached skill level 1 in Invocations
  5797 | D:4      | Found a runed translucent door.
  5798 | D:4      | Noticed Crazy Yiuf
  5808 | D:4      | Killed Crazy Yiuf
  6046 | D:5      | Entered Level 5 of the Dungeon
  6412 | D:5      | Reached XP level 8. HP: 73/84 MP: 9/16
  6604 | D:5      | Found an ornate altar of the Wu Jian Council.
  6989 | D:5      | Received a gift from Nemelex Xobeh
  6990 | D:5      | Noticed Prince Ribbit
  6992 | D:5      | Killed Prince Ribbit
  7036 | D:5      | Found a burning altar of Makhleb.
  7043 | D:5      | Found a snail-covered altar of Cheibriados.
  7216 | D:5      | Noticed Grinder
  7225 | D:5      | Killed Grinder
  7225 | D:5      | Reached skill level 5 in Invocations
  7306 | D:5      | Reached * piety under Nemelex Xobeh
  7799 | D:6      | Reached XP level 9. HP: 57/92 MP: 8/17
  8251 | D:6      | Found a staircase to the Ecumenical Temple.
  8815 | D:7      | Reached ** piety under Nemelex Xobeh
  8835 | D:7      | Received a gift from Nemelex Xobeh
  8981 | D:7      | Reached skill level 5 in Evocations
  9149 | D:7      | Noticed Harold
  9165 | D:7      | Killed Harold
  9570 | D:8      | Received a gift from Nemelex Xobeh
 10001 | D:8      | Reached XP level 10. HP: 87/97 MP: 11/18
 10223 | D:8      | Reached *** piety under Nemelex Xobeh
 10234 | D:8      | Reached skill level 5 in Axes
 10572 | D:8      | Found a shimmering blue altar of Sif Muna.
 10727 | D:9      | Noticed Maurice
 10730 | D:9      | Killed Maurice
 12193 | D:9      | Identified the -1 long sword of the Shallot {venom, MR+
                  | SInv Stlth+}
 12291 | D:8      | Upgraded the game from 0.25-a0-420-g1cc7eeb0d1 to
                  | 0.25-a0-424-g80bd347ae0
 12388 | D:9      | Reached XP level 11. HP: 94/115 MP: 8/19
 12545 | D:9      | Received a gift from Nemelex Xobeh
 12746 | D:9      | Reached skill level 10 in Fighting
 13263 | D:10     | Entered Level 10 of the Dungeon
 13625 | D:10     | Received a gift from Nemelex Xobeh
 13633 | D:10     | Found a staircase to the Orcish Mines.
 13814 | D:10     | Reached **** piety under Nemelex Xobeh
 13896 | D:10     | Found Kuuwutog's Food Boutique.
 14047 | D:10     | Received a gift from Nemelex Xobeh
 14443 | D:11     | Found a sacrificial altar of Ru.
 14479 | D:11     | Received a gift from Nemelex Xobeh
 14792 | D:11     | You fall into a shaft and drop 3 floors!
 14792 | D:14     | Received a gift from Nemelex Xobeh
 14814 | D:13     | Noticed a tengu warrior
 14814 | D:13     | Noticed a tengu warrior
 14821 | D:13     | Noticed a manticore
 14821 | D:13     | Noticed a cyan ugly thing
 14826 | D:13     | Noticed a cyclops
 14842 | D:13     | Killed a cyclops
 14850 | D:13     | Killed a cyan ugly thing
 14856 | D:13     | Killed a tengu warrior
 14862 | D:13     | Killed a tengu warrior
 14862 | D:13     | Killed a manticore
 15641 | D:11     | Received a gift from Nemelex Xobeh
 15912 | D:11     | Noticed a death yak
 15927 | D:11     | Noticed a death yak
 15927 | D:11     | Noticed a death yak
 15933 | D:11     | Killed a death yak
 15934 | D:11     | Noticed a death yak
 15934 | D:11     | Noticed a death yak
 15941 | D:11     | Killed a death yak
 15941 | D:11     | Reached skill level 10 in Axes
 15943 | D:11     | Killed a death yak
 15949 | D:11     | Killed a death yak
 15953 | D:11     | Killed a death yak
 15953 | D:11     | Reached XP level 12. HP: 87/132 MP: 20/20
 16131 | D:11     | Found a staircase to the Lair.
 16216 | D:11     | Found Linlamuz's Antique Weapon Shoppe.
 16221 | D:11     | Noticed Erolcha
 16223 | D:11     | Noticed Erolcha
 16223 | D:11     | Erolcha changed into Erolcha the big kobold
 16228 | D:11     | Killed Erolcha the big kobold
 16239 | D:11     | Found Wuusuub's Food Shoppe.
 16367 | D:11     | Found Moheqar's Assorted Antiques.
 16423 | D:11     | Bought a potion of heal wounds for 125 gold pieces
 16423 | D:11     | Bought a scroll labeled ADOKIO PUQI for 25 gold pieces
 16423 | D:11     | Bought 3 scrolls labeled RIRILI LEJEA for 75 gold pieces
 16423 | D:11     | Bought a scroll labeled MOONEU CEOPO for 25 gold pieces
 16423 | D:11     | Bought a scratched gilded ring for 125 gold pieces
 16546 | D:11     | Received a gift from Nemelex Xobeh
 16614 | D:11     | Reached ***** piety under Nemelex Xobeh
 16829 | D:12     | Found Sugaf's Demolitions Depot.
 17092 | D:12     | Received a gift from Nemelex Xobeh
 17773 | D:13     | Received a gift from Nemelex Xobeh
 17774 | D:13     | Noticed a centaur warrior
 17775 | D:13     | Found a radiant altar of Vehumet.
 17785 | D:13     | Killed a centaur warrior
 17961 | D:13     | Reached skill level 1 in Armour
 18389 | D:13     | Received a gift from Nemelex Xobeh
 18804 | Lair:1   | Entered Level 1 of the Lair of Beasts
 18959 | Lair:1   | Received a gift from Nemelex Xobeh
 18977 | Lair:1   | Reached skill level 1 in Throwing
 19227 | Lair:1   | Reached skill level 2 in Throwing
 19520 | Lair:1   | Reached skill level 3 in Throwing
 19635 | Lair:1   | Reached ****** piety under Nemelex Xobeh
 19656 | Lair:1   | Found a snail-covered altar of Cheibriados.
 20072 | Lair:2   | Received a gift from Nemelex Xobeh
 20113 | Lair:2   | Reached skill level 4 in Throwing
 20445 | Lair:2   | Reached skill level 5 in Throwing
 20445 | Lair:2   | Reached skill level 5 in Armour
 20451 | Lair:2   | Reached XP level 13. HP: 119/139 MP: 21/21
 20620 | Lair:2   | Found a transporter.
 20645 | Lair:2   | Reached skill level 6 in Throwing
 20911 | Lair:2   | Found a transporter.
 20968 | Lair:2   | Received a gift from Nemelex Xobeh
 21729 | Lair:3   | Received a gift from Nemelex Xobeh
 21753 | Lair:3   | Reached skill level 7 in Throwing
 22302 | Lair:3   | Noticed a spark wasp
 22302 | Lair:3   | a seven-headed hydra changed into a spark wasp
 22303 | Lair:3   | a spark wasp changed into a wind drake
 22910 | Lair:4   | Received a gift from Nemelex Xobeh
 22944 | Lair:4   | Found a staircase to the Snake Pit.
 22996 | Lair:4   | Reached skill level 8 in Throwing
 23098 | Lair:4   | Noticed Maggie
 23103 | Lair:4   | Noticed Maggie
 23103 | Lair:4   | Maggie changed into Maggie the swamp drake
 23106 | Lair:4   | Killed Maggie the swamp drake
 23616 | Lair:4   | Received a gift from Nemelex Xobeh
 24204 | Lair:3   | Reached skill level 9 in Throwing
 24828 | Lair:4   | Received a gift from Nemelex Xobeh
 25049 | Lair:4   | Found a staircase to the Shoals.
 25413 | Lair:5   | Received a gift from Nemelex Xobeh
 25836 | Lair:5   | Received a gift from Nemelex Xobeh
 25994 | Lair:5   | Reached skill level 10 in Throwing
 26035 | Lair:5   | Received a gift from Nemelex Xobeh
 26452 | Lair:6   | Entered Level 6 of the Lair of Beasts
 26455 | Lair:6   | Reached XP level 14. HP: 148/148 MP: 22/22
 26851 | Lair:6   | Noticed a storm dragon
 26851 | Lair:6   | a death yak changed into a storm dragon
 26856 | Lair:6   | Killed a storm dragon
 26856 | Lair:6   | Reached skill level 11 in Throwing
 26997 | Lair:6   | Received a gift from Nemelex Xobeh
 27404 | Lair:6   | Found a staircase to the Slime Pits.
 27408 | Lair:6   | Received a gift from Nemelex Xobeh
 28018 | Lair:6   | Reached skill level 12 in Throwing
 29164 | Lair:6   | Reached skill level 5 in Dodging
 31190 | D:4      | Found an opulent altar of Gozag.
 31190 | D:4      | Found a sacrificial altar of Ru.
 31191 | D:4      | Found a sparkling altar of Nemelex Xobeh.
 31359 | D:4      | Found Kuganow's Armour Boutique.
 31392 | D:4      | Noticed Dowan
 31399 | D:4      | Killed Dowan
 31403 | D:4      | Killed Duvessa
 31559 | D:4      | Found a radiant altar of Vehumet.
 31833 | Orc:1    | Entered Level 1 of the Orcish Mines
 31833 | Orc:1    | Received a gift from Nemelex Xobeh
 32012 | Orc:1    | p0werm0de: muh
 32022 | Orc:1    | bmfx: hi
 32039 | Orc:1    | Found Ustroih's General Store.
 32040 | Orc:1    | p0werm0de: thought you away
 32045 | Orc:1    | p0werm0de: :>
 32045 | Orc:1    | p0werm0de:
                  | https://media.discordapp.net/attachments/545126075630354452
                  | /668607876054515712/unknown.png?width=1248&height=702
 32045 | Orc:1    | bmfx: my travel got delayed alot. the nearest possible date
                  | is feb 15 now, and very likely even later
 32045 | Orc:1    | p0werm0de: kk
 32045 | Orc:1    | p0werm0de: me playin POE and crawl low
 32045 | Orc:1    | p0werm0de: no tc without regen prob does a long break for
                  | me :P
 32045 | Orc:1    | bmfx: or play old versions :P
 32104 | Orc:1    | p0werm0de: ye never been a fan of that
 32104 | Orc:1    | Reached XP level 15. HP: 155/155 MP: 23/23
 32107 | Orc:1    | p0werm0de: but could try 21 a bit if i get in the mood
 32224 | Orc:1    | p0werm0de: otherwise maybe big changes come to trunk which
                  | make me wanna play again later but ye
 32309 | Orc:2    | Entered Level 2 of the Orcish Mines
 32439 | Orc:2    | Found a roughly hewn altar of Beogh.
 32529 | Orc:2    | Received a gift from Nemelex Xobeh
 32668 | Orc:2    | p0werm0de: for now poe is quite fun, ever tried it?
 32668 | Orc:2    | p0werm0de: its quite a big update since xmas
 32668 | Orc:2    | bmfx: i'm not a fan of diablo-likes
 32668 | Orc:2    | p0werm0de: kk
 32682 | Orc:2    | bmfx: i think torchlight was the only one i finished ever
 32682 | Orc:2    | bmfx: and then only because i like its gfx alot
 32682 | Orc:2    | p0werm0de: also tried that ye
 32700 | Orc:2    | p0werm0de: poe is way more complex tho
 32702 | Orc:2    | p0werm0de: builds and content
 32897 | Orc:2    | p0werm0de: probably nothin more complex regarding builds
                  | and items
 33069 | Orc:2    | p0werm0de: torchlight is a mini game in comparison
 33443 | Orc:2    | Found Sumez's Armour Shop.
 33447 | Orc:2    | Found Fol Qeri's General Store.
 33453 | Orc:2    | Found Micuhug's Book Shoppe.
 33455 | Orc:2    | Found Detymm's General Store.
 33596 | Orc:2    | Found Lunocem's General Store.
 33607 | Orc:2    | Found a staircase to the Elven Halls.
 34186 | D:12     | Bought a lightning rod (4/4) for 480 gold pieces
 34186 | D:12     | Bought a lamp of fire for 480 gold pieces
 34438 | Lair:4   | Upgraded the game from 0.25-a0-424-g80bd347ae0 to
                  | 0.25-a0-426-g7d9e569eea
 34439 | Snake:1  | Entered Level 1 of the Snake Pit
 34858 | Snake:1  | Reached skill level 10 in Dodging
 35602 | Snake:1  | Received a gift from Nemelex Xobeh
 37007 | Snake:1  | Found Zacsynge's General Store.
 37012 | Snake:1  | Found Wolapn's Magic Scroll Emporium.
 37020 | Snake:1  | Bought a scroll of teleportation for 42 gold pieces
 37020 | Snake:1  | Bought 2 scrolls of teleportation for 84 gold pieces
 37020 | Snake:1  | Bought a scroll of blinking for 105 gold pieces
 37125 | Snake:1  | Received a gift from Nemelex Xobeh
 38206 | Snake:1  | Received a gift from Nemelex Xobeh
 38854 | Snake:2  | Noticed Vashnia
 38908 | Snake:2  | Reached XP level 16. HP: 104/165 MP: 24/24
 38910 | Snake:2  | Killed Vashnia
 39458 | Snake:2  | Noticed a nagaraja
 39460 | Snake:2  | Identified the +0 long sword of the Boiling Point {protect,
                  | rElec}
 39469 | Snake:2  | Killed a nagaraja
 39472 | Snake:2  | Reached skill level 15 in Axes
 39945 | Snake:2  | Received a gift from Nemelex Xobeh
 40563 | Snake:3  | Noticed a nagaraja
 40639 | Shoals:1 | Entered Level 1 of the Shoals
 40639 | Shoals:1 | Received a gift from Nemelex Xobeh
 41259 | Shoals:1 | Noticed Louise
 41277 | Shoals:1 | Killed Louise
 41356 | Shoals:1 | Reached skill level 1 in Shields
 41780 | Shoals:1 | Received a gift from Nemelex Xobeh
 42554 | Shoals:2 | Reached skill level 5 in Shields
 42578 | Shoals:2 | Noticed Ilsuiw
 43657 | Shoals:2 | Killed Ilsuiw
 43957 | Shoals:3 | Received a gift from Nemelex Xobeh
 44324 | Shoals:3 | Received a gift from Nemelex Xobeh
 44383 | Shoals:3 | Reached XP level 17. HP: 172/172 MP: 25/25
 44804 | Shoals:4 | Entered Level 4 of the Shoals
 45949 | Shoals:4 | Found Woniriuc's Gadget Shop.
 46211 | Shoals:4 | Bought a wand of iceblast (6) for 160 gold pieces
 46211 | Shoals:4 | Bought a wand of iceblast (7) for 176 gold pieces
 46453 | Shoals:4 | Identified the amulet of Razimnih {Gourm rPois Str-3 Int+5}
                  | (You found it on level 4 of the Shoals)
 47321 | Shoals:4 | Identified Mawkifad's Grimoire of Victory
 48691 | Shoals:4 | Got a barnacled rune of Zot
 48728 | Shoals:4 | Received a gift from Nemelex Xobeh
 49864 | D:14     | Found a gate to the Vaults.
 49983 | D:14     | Received a gift from Nemelex Xobeh
 50079 | D:14     | Found a radiant altar of Vehumet.
 50387 | D:14     | Received a gift from Nemelex Xobeh
 50902 | D:15     | Entered Level 15 of the Dungeon
 51110 | D:15     | Found a staircase to the Depths.
 51340 | D:15     | Received a gift from Nemelex Xobeh
 52325 | D:15     | Reached XP level 18. HP: 183/183 MP: 26/26
 52347 | D:15     | Received a gift from Nemelex Xobeh
 52722 | Vaults:1 | Entered Level 1 of the Vaults
 52883 | Vaults:1 | Received a gift from Nemelex Xobeh
 53211 | Vaults:1 | Reached skill level 10 in Shields
 53796 | Vaults:1 | Received a gift from Nemelex Xobeh
 54117 | Vaults:1 | Received a gift from Nemelex Xobeh
 54950 | Vaults:2 | Received a gift from Nemelex Xobeh
 55316 | Vaults:2 | Reached skill level 15 in Fighting
 55487 | Vaults:2 | Noticed Boris
 55502 | Vaults:2 | Killed Boris
 55561 | Vaults:2 | Received a gift from Nemelex Xobeh
 56236 | Vaults:2 | Noticed Bai Suzhen
 56252 | Vaults:2 | Killed Bai Suzhen
 56252 | Vaults:2 | Reached XP level 19. HP: 111/201 MP: 27/27
 56532 | Vaults:2 | Found Wafyuh's Antique Weapon Emporium.
 56625 | Vaults:2 | Found a staircase to the Crypt.
 57120 | Vaults:2 | Received a gift from Nemelex Xobeh
 57544 | Vaults:3 | Found Ajeotun's Armour Shop.
 57747 | Vaults:3 | Received a gift from Nemelex Xobeh
 58334 | Vaults:3 | Noticed a Brimstone Fiend
 58340 | Vaults:2 | Noticed a Hell Sentinel
 58979 | Vaults:3 | Reached skill level 15 in Shields
 59334 | Vaults:3 | Received a gift from Nemelex Xobeh
 59866 | D:4      | Bought a scarf of resistance for 320 gold pieces
 60011 | Orc:2    | Bought a scroll of teleportation for 39 gold pieces
 60011 | Orc:2    | Bought a potion of curing for 39 gold pieces
 60011 | Orc:2    | Bought a wand of enslavement (11) for 169 gold pieces
 60011 | Orc:2    | Bought 3 silver javelins for 93 gold pieces
 60058 | Orc:2    | Bought a scroll of brand weapon for 300 gold pieces
 60059 | Orc:2    | Bought a scroll of teleportation for 45 gold pieces
 60069 | Orc:2    | Bought a potion of curing for 42 gold pieces
 60393 | Snake:2  | Reached skill level 13 in Throwing
 60595 | Snake:3  | Reached XP level 20. HP: 125/210 MP: 28/28
 61033 | Snake:3  | Found Cayrihei's Jewellery Shop.
 61034 | Snake:3  | Found Faek's Gadget Shoppe.
 61034 | Snake:3  | Found Ephomn Dada's Jewellery Shop.
 61047 | Snake:3  | Bought the ring of Faelarch {MR+ MP+9 Int+4} for 574 gold
                  | pieces
 61538 | Snake:3  | Received a gift from Nemelex Xobeh
 61569 | Snake:4  | Entered Level 4 of the Snake Pit
 61606 | Snake:4  | Reached skill level 14 in Throwing
 61832 | Snake:4  | Found a flickering gateway to a bazaar.
 61859 | Bazaar   | Entered a bazaar
 61859 | Bazaar   | Found Cetomaum's General Store.
 61870 | Bazaar   | Found Fixtil's Gadget Shoppe.
 61879 | Bazaar   | Found Giavomy's Distillery.
 61885 | Bazaar   | Bought a potion of heal wounds for 85 gold pieces
 61885 | Bazaar   | Bought a potion of might for 68 gold pieces
 61885 | Bazaar   | Bought a potion of agility for 68 gold pieces
 61885 | Bazaar   | Bought a potion of haste for 170 gold pieces
 61885 | Bazaar   | Bought a potion of heal wounds for 85 gold pieces
 61904 | Bazaar   | Found Nidin's Antique Weapon Emporium.
 61911 | Bazaar   | Received a gift from Nemelex Xobeh
 61912 | Bazaar   | Found Ezxawnum's Antique Armour Emporium.
 61979 | Bazaar   | Bought a scroll of enchant armour for 67 gold pieces
 61979 | Bazaar   | Bought a ration for 45 gold pieces
 62003 | Snake:4  | Noticed Asterion
 62012 | Snake:4  | Killed Asterion
 62800 | Snake:4  | Reached skill level 15 in Throwing
 63086 | Snake:4  | Noticed Nikola
 63095 | Snake:4  | Killed Nikola
 63203 | Snake:4  | Noticed Aizul
 63217 | Snake:4  | Killed Aizul
 63251 | Snake:4  | Reached skill level 16 in Throwing
 63651 | Snake:4  | Got a serpentine rune of Zot
 64642 | Vaults:4 | Received a gift from Nemelex Xobeh
 64787 | Vaults:4 | Reached skill level 17 in Throwing
 64787 | Vaults:4 | Reached XP level 21. HP: 173/218 MP: 29/29
 66107 | Vaults:4 | Reached skill level 18 in Throwing
 66240 | Vaults:4 | Received a gift from Nemelex Xobeh
 66548 | Vaults:4 | Received a gift from Nemelex Xobeh
 67159 | Elf:1    | Entered Level 1 of the Elven Halls
 67399 | Elf:1    | Reached skill level 19 in Throwing
 67726 | Elf:1    | Received a gift from Nemelex Xobeh
 67778 | Elf:1    | Found a radiant altar of Vehumet.
 67864 | Elf:1    | Found a runed translucent gate.
 67865 | Elf:1    | Found a runed translucent gate.
 67866 | Elf:1    | Found a runed translucent gate.
 67867 | Elf:1    | Noticed Tiewk's ghost (adept SpEn)
 68134 | Elf:1    | Received a gift from Nemelex Xobeh
 68399 | Elf:2    | Received a gift from Nemelex Xobeh
 68430 | Elf:2    | Found a runed translucent gate.
 68430 | Elf:2    | Found a runed translucent gate.
 68431 | Elf:2    | Found a runed translucent gate.
 68884 | Elf:2    | Found Nuakimm's Gadget Shop.
 69404 | Elf:2    | Reached XP level 22. HP: 207/227 MP: 30/30
 69478 | Elf:2    | Reached skill level 20 in Throwing
 69620 | Elf:2    | Received a gift from Nemelex Xobeh
 69808 | Elf:3    | Entered Level 3 of the Elven Halls
 70139 | Elf:3    | Identified the +6 flail "Ahaagh" {freeze, rPois rF+}
 70425 | Elf:3    | Identified the cursed +1 robe "Luysinokk" {rN+ MR+ Dex+5}
 70496 | Elf:3    | Received a gift from Nemelex Xobeh
 70799 | Elf:3    | Identified the +4 scale mail of the Ward {rPois Str+4
                  | Dex+3}
 70904 | Elf:3    | Identified the ring "Joclokioze" {+Fly rPois MP+9}
 71114 | Elf:3    | Identified the +7 halberd "Pifauru" {vorpal, Dex+4}
 71329 | Elf:3    | Received a gift from Nemelex Xobeh
 71629 | Elf:3    | Identified the +9 mace of Slow Death {antimagic, Dex+6}
 71771 | Elf:3    | Identified the cursed +1 leather armour of the Blizzard
                  | {Dex+5}
 72439 | Snake:1  | Bought a scroll of enchant weapon for 105 gold pieces
 73035 | Crypt:1  | Entered Level 1 of the Crypt
 73557 | Crypt:1  | Received a gift from Nemelex Xobeh
 74005 | Crypt:1  | Reached XP level 23. HP: 253/254 MP: 31/31
 74375 | Crypt:2  | Received a gift from Nemelex Xobeh
 74694 | Crypt:2  | Received a gift from Nemelex Xobeh
 75243 | Crypt:3  | Entered Level 3 of the Crypt
 75537 | Crypt:3  | Received a gift from Nemelex Xobeh
 75662 | Crypt:3  | Reached skill level 10 in Armour
 75913 | Crypt:3  | Received a gift from Nemelex Xobeh
 76377 | Crypt:3  | Found a staircase to the Tomb.
 76433 | Crypt:3  | Reached skill level 10 in Invocations
 76867 | Crypt:3  | Found an ancient bone altar of Kikubaaqudgha.
 77266 | Crypt:3  | Identified the ring "Deimip" {+Fly rN+ Dex+4 Slay+3}
 77276 | Crypt:3  | Noticed an ancient lich
 77277 | Crypt:3  | Identified the ring of Jasy {rN+ Str+7 Stlth-}
 77423 | Crypt:3  | Killed an ancient lich
 77646 | Crypt:3  | Received a gift from Nemelex Xobeh
 77663 | Crypt:3  | Identified the ring "Qeorgh" {rN+ Int+4} (You found it on
                  | level 3 of the Crypt)
 77928 | Crypt:3  | Identified the Almanac of Unholy Magic
 78160 | Depths:1 | Entered Level 1 of the Depths
 78164 | Depths:1 | Received a gift from Nemelex Xobeh
 78182 | Depths:1 | Found a gateway to Hell.
 78364 | Depths:1 | Found a one-way gate to the infinite horrors of the Abyss.
 78395 | Depths:1 | Reached XP level 24. HP: 250/265 MP: 32/32
 78520 | Depths:1 | Received a gift from Nemelex Xobeh
 79028 | Depths:1 | Found a runed translucent door.
 79030 | Depths:1 | Noticed Fiahyu Evua's ghost (veteran MiBe)
 79030 | Depths:1 | Identified the +4 hunting sling "Ynkosch" {flame, *Drain
                  | rPois Dex+5}
 80362 | Depths:2 | Found a shattered altar of Ashenzari.
 80576 | Depths:2 | Received a gift from Nemelex Xobeh
 80806 | Depths:2 | Found Jaleasu's Weapon Shoppe.
 81103 | Depths:2 | Found Hal Tynn's Weapon Shoppe.
 81512 | Depths:3 | Found a one-way gate leading to the halls of Pandemonium.
 81839 | Depths:3 | Received a gift from Nemelex Xobeh
 82432 | Depths:3 | Identified the Incunabulum of Glamour
 82540 | Depths:3 | Received a gift from Nemelex Xobeh
 82766 | Depths:3 | Reached skill level 15 in Dodging
 82766 | Depths:3 | Reached XP level 25. HP: 208/273 MP: 32/32
 83121 | Depths:4 | Found a gateway to a ziggurat.
 83460 | Depths:4 | Received a gift from Nemelex Xobeh
 83728 | Depths:4 | Identified the ring of the Tormentor {Str+3 Stlth+} (You
                  | found it on level 4 of the Depths)
 84076 | Depths:4 | Identified the Volume of Excruciating Sinister Rites
 84227 | Depths:4 | Reached skill level 21 in Throwing
 84244 | Depths:4 | Noticed Mennas
 84266 | Depths:4 | Killed Mennas
 84405 | Depths:4 | Got a crude lapis lazuli ring
 84406 | Depths:4 | Identified the ring "Ipiet" {*Slow rN+ rCorr Stlth+} (You
                  | found it on level 4 of the Depths)
 84692 | Depths:4 | Noticed Sojobo
 84696 | Depths:4 | Killed Sojobo
 85053 | Depths:4 | Identified the ring of Masm {Str+3 Stlth+}
 85181 | Depths:4 | Found a bloodstained altar of Trog.
 85273 | Depths:4 | Reached skill level 22 in Throwing
 85418 | Depths:5 | Entered Level 5 of the Depths
 85418 | Depths:5 | Received a gift from Nemelex Xobeh
 85545 | Depths:5 | Found a runed translucent gate.
 85545 | Depths:5 | Found a runed translucent gate.
 85545 | Depths:5 | Noticed Quigu Zupne's ghost (journeyman SpBe)
 85551 | Depths:5 | Found a runed translucent gate.
 85825 | Depths:5 | Found a gate to the Realm of Zot.
 85995 | Depths:5 | Reached XP level 26. HP: 197/283 MP: 32/32
 86412 | Depths:5 | Received a gift from Nemelex Xobeh
 86419 | Depths:5 | Found a portal to a secret trove of treasure.
 86560 | Depths:5 | Reached skill level 23 in Throwing
 86638 | Depths:5 | Received a gift from Nemelex Xobeh
 87127 | Depths:5 | Received a gift from Nemelex Xobeh
 87845 | Orc:2    | Bought a scroll of enchant armour for 105 gold pieces
 87972 | D:11     | Bought the +7 lajatang of Order {silver, rMut} for 1314
                  | gold pieces
 87972 | D:11     | Found the +7 lajatang of Order {silver, rMut}
 88090 | Snake:1  | Bought a scroll of enchant armour for 105 gold pieces
 88630 | Depths:5 | You paid a toll of the lajatang of Order to enter a
                  | treasure trove
 88631 | Trove    | Entered a treasure trove
 88650 | Trove    | Got a slimy silver amulet
 88651 | Trove    | Identified the amulet "Mosturra" {Gourm Int+3} (You found
                  | it in a treasure trove)
 88654 | Trove    | Got a vibrating marble ring
 88655 | Trove    | Identified the ring of Fogit {rPois MR+ EV+2} (You found it
                  | in a treasure trove)
 88678 | Trove    | Got a glittering ivory ring
 88679 | Trove    | Identified the ring of Acen {rPois MR+ Dex+2 Stlth+} (You
                  | found it in a treasure trove)
 88682 | Trove    | Got a steaming tin ring
 88683 | Trove    | Identified the ring "Sakanu" {MR+ Dex+2} (You found it in a
                  | treasure trove)
 88690 | Trove    | Got a coiled silver ring
 88691 | Trove    | Identified the ring "Haidgh" {rC++ Str+3 Int+3} (You found
                  | it in a treasure trove)
 89070 | Vaults:5 | Entered Level 5 of the Vaults
 89125 | Vaults:5 | Noticed an ancient lich
 89151 | Vaults:5 | Killed an ancient lich
 89783 | Vaults:5 | Noticed Jory
 89847 | Vaults:5 | Killed Jory
 89879 | Vaults:5 | Identified the ring "Baikeujei" {Wiz Str+3}
 90289 | Vaults:5 | Got a silver rune of Zot
 90397 | Vaults:5 | Reached skill level 15 in Armour
 90481 | Vaults:5 | Reached XP level 27. HP: 269/291 MP: 32/32
 90765 | Vaults:5 | Received a gift from Nemelex Xobeh
 91389 | Zot:1    | Entered Level 1 of the Realm of Zot
 92009 | Zot:1    | Reached skill level 24 in Throwing
 92404 | Zot:2    | Received a gift from Nemelex Xobeh
 92693 | Zot:2    | Found a transporter.
 93101 | Zot:2    | You fall into a shaft and drop 1 floor!
 93230 | Zot:2    | Found a transporter.
 93249 | Zot:2    | You fall into a shaft and drop 1 floor!
 93675 | Zot:3    | Noticed an orb of fire
 93694 | Zot:3    | Killed an orb of fire
 93965 | Zot:2    | Received a gift from Nemelex Xobeh
 94388 | Zot:2    | Received a gift from Nemelex Xobeh
 95631 | Zot:3    | Noticed an ancient lich
 95782 | Zot:3    | Killed an ancient lich
 95949 | Zot:3    | Found a stormy altar of Qazlal.
 95971 | Zot:3    | Identified the amulet of Meluvvinn {Inacc rElec rF+ rC+}
                  | (You found it on level 3 of the Realm of Zot)
 96463 | Zot:4    | Received a gift from Nemelex Xobeh
 96861 | Zot:5    | Entered Level 5 of the Realm of Zot
 98172 | Zot:5    | Reached skill level 25 in Throwing
 98263 | Zot:5    | Noticed an orb of fire
 98266 | Zot:5    | Noticed an ancient lich
 98268 | Zot:5    | Killed an orb of fire
 98271 | Zot:5    | Noticed an ancient lich
 98272 | Zot:5    | Noticed an ancient lich
 98273 | Zot:5    | Killed an ancient lich
 98278 | Zot:5    | Noticed an ancient lich
 98279 | Zot:5    | Killed an ancient lich
 98285 | Zot:5    | Killed an ancient lich
 98285 | Zot:5    | Killed an ancient lich
 98287 | Zot:5    | Noticed an orb of fire
 98294 | Zot:5    | Killed an orb of fire
 98300 | Zot:5    | Reached skill level 26 in Throwing
 98643 | Zot:5    | Reached skill level 27 in Throwing
 98767 | Zot:5    | Received a gift from Nemelex Xobeh
 98772 | Zot:5    | Identified a scroll of acquirement
 98831 | Zot:5    | Identified the ring of Lugonu's Vengeance {+Fly rC+ Int+4
                  | Stlth+} (You acquired it on level 5 of the Realm of Zot)
 99035 | Zot:5    | Noticed an orb of fire
 99062 | Zot:5    | Killed an orb of fire
 99709 | Zot:5    | Got the Orb of Zot
 99780 | Zot:3    | Noticed Plog the pandemonium lord
 99780 | Zot:3    | Noticed an ancient lich
 99854 | Zot:3    | Paralysed by accursed screaming for 1 turns
100010 | Depths:4 | Noticed Nuruty the pandemonium lord
100014 | Depths:4 | Killed Nuruty the pandemonium lord
100360 | D:5      | Noticed Duimn the pandemonium lord
100403 | D:2      | Noticed Veof the pandemonium lord
100414 | D:2      | Gained mutation: You are weak. (Str -2) [a cacodemon]
100482 | D:$      | Escaped with the Orb!
